 Dungeon Crawl Stone Soup version 0.21.0-3-g78d12a8 (webtiles) character file.

142 inmateoo the Skirmisher (level 5, 0/32 HPs)
             Began as a Gargoyle Necromancer on Jan 17, 2018.
             Slain by Gruud's ghost (3 damage)
             ... on level 3 of the Dungeon.
             The game lasted 00:05:07 (3759 turns).

inmateoo the Skirmisher (Gargoyle Necromancer)      Turns: 3759, Time: 00:05:08

Health: 0/32       AC: 10    Str: 12    XL:     5   Next: 24%
Magic:  8/8        EV: 10    Int: 16    God:
Gold:   118        SH:  0    Dex: 10    Spells: 1/8 levels left

rFire    . . .     SeeInvis .   b - +2 dagger (venom)
rCold    . . .     Gourm    .   (no shield)
rNeg     + . .     Faith    .   g - +0 ring mail
rPois    ∞         Spirit   .   j - +0 helmet
rElec    +         Reflect  .   (no cloak)
rCorr    .         Harm     .   (no gloves)
MR       .....                  (no boots)
Stlth    +.........             (no amulet)
HPRegen  0.10/turn              (no ring)
MPRegen  0.11/turn              (no ring)

@: very slightly contaminated, invisible
A: negative energy resistance 1, electricity resistance, unbreathing,
petrification resistance, rot immunity, AC +4
a: no special abilities


You were on level 3 of the Dungeon.
You were hungry.

You visited 1 branch of the dungeon, and saw 4 of its levels.

You collected 118 gold pieces.

Inventory:

Hand Weapons
 b - a +2 dagger of venom (weapon)
 h - a +1 spear of freezing
 i - a +0 whip
Armour
 g - a +0 ring mail (worn)
 j - a +0 helmet (worn)
Jewellery
 k - an uncursed ring of ice
Scrolls
 a - 3 scrolls of remove curse
 l - a scroll of enchant armour
 m - a scroll of amnesia {unknown}
 n - 3 scrolls of teleportation
 p - a scroll of identify
Potions
 d - a potion of magic
 o - a potion of cancellation
Comestibles
 c - 2 rations


   Skills:
 + Level 3.4 Fighting
 * Level 3.3 Maces & Flails
 - Level 1.5 Dodging
 - Level 2.1 Stealth
 - Level 2.0 Spellcasting
 - Level 3.2 Necromancy


You had one spell level left.
You knew the following spells:

 Your Spells              Type           Power        Failure   Level  Hunger
a - Pain                  Necr           ##..         12%         1    #......
b - Vampiric Draining     Necr           ##........   36%         3    ###....
c - Regeneration          Chrm/Necr      #.........   58%         3    ###....


Dungeon Overview and Level Annotations

Branches:
Dungeon (4/15)
 Temple: D:4-7

Altars:
Makhleb

Annotations:
D:3 Gruud's ghost, amateur DsNe
D:4 Natasha


Innate Abilities, Weirdness & Mutations

You are resistant to torment.
Your stone body is resilient. (AC +4)
You are immune to poison.
You resist negative energy. (rN+)
You are resistant to electric shocks. (rElec)
You can survive without breathing.
You are immune to petrification.
You are immune to rotting.


Message History

You hit Gruud's ghost but do no damage.
Gruud's ghost is severely damaged.
Gruud's ghost is infused with unholy energy.
* * * LOW HITPOINT WARNING * * *
Gruud's ghost draws life force from you and is healed!
Unknown command.
Gruud's ghost screams, "Don't try to defend!
You have no chance!"
Unknown command.
You hit Gruud's ghost.
Gruud's ghost is severely damaged.
Gruud's ghost closely misses you.
Unknown command.
You hit Gruud's ghost.
Gruud's ghost is almost destroyed.
Gruud's ghost barely misses you.
Unknown command.
You closely miss Gruud's ghost.
Gruud's ghost is almost destroyed.
Gruud's ghost hits you.
You die...

................###..
....".....#...#......#
#.....................#
#.....................#
.##.....................#
......................#
#.......%.†........# ###
#.#.....W.<....÷..# ## ..
#..##...@..#......##... #.
#.....................
###.###..######)#(.....#....
........)o.................
##.....#######.#......###.#
####.......# #.#.#....#
##....).....# #.#.#....#
#..##.......# .......#(..
#.###.......# .......###.#


You could see Gruud's ghost.

Vanquished Creatures
  A worker ant (D:4)
  Robin (D:2)
  3 adders
  A worm (D:4)
  A leopard gecko (D:1)
  3 orcs
  A ball python (D:1)
  3 giant cockroaches
  7 hobgoblins
  6 jackals (D:1)
  5 kobolds
  A quokka (D:2)
  8 bats
  10 frilled lizards
  13 goblins
  10 rats
74 creatures vanquished.

Notes
Turn   | Place    | Note
-------+----------+-------------------------------------------
     0 | D:1      | inmateoo the Gargoyle Necromancer began the quest for the Orb.
     0 | D:1      | Reached XP level 1. HP: 10/10 MP: 3/3
   199 | D:2      | Found a burning altar of Makhleb.
   199 | D:2      | Noticed a balrug
   326 | D:2      | Reached skill level 1 in Fighting
   577 | D:2      | Reached XP level 2. HP: 14/17 MP: 5/5
   651 | D:2      | Noticed Robin
  1015 | D:3      | Noticed Gruud's ghost (amateur DsNe)
  1555 | D:4      | Reached skill level 1 in Maces & Flails
  1555 | D:4      | Reached XP level 3. HP: 2/22 MP: 6/6
  1869 | D:4      | Noticed Natasha
  2106 | D:1      | Reached XP level 4. HP: 27/27 MP: 7/7
  2517 | D:1      | Learned a level 3 spell: Vampiric Draining
  2521 | D:1      | Learned a level 3 spell: Regeneration
  3013 | D:2      | Killed Robin
  3261 | D:2      | Reached XP level 5. HP: 32/32 MP: 8/8
  3759 | D:3      | Slain by Gruud's ghost

Skill      XL: |  1  2  3  4 |
---------------+-------------+-----
Fighting       | 1 2 3 |  3.4
Maces & Flails | 1 2 3 |  3.3
Dodging        | |  1.5
Stealth        | |  2.1
Spellcasting   | |  2.0
Necromancy     | |  3.2

Action                   |  1- 3 |  4- 6 || total
-------------------------+-------+-------++-------
Melee: Dagger            |     5 |    73 ||    78
       Club              |    21 |       ||    21
       Unarmed           |     1 |       ||     1
       Spear             |    71 |    96 ||   167
 Cast: Pain              |    12 |       ||    12
  Use: Scroll            |     4 |     3 ||     7
       Potion            |     1 |     1 ||     2
 Stab: Sleeping          |     1 |     1 ||     2
  Eat: Chunk             |     4 |     5 ||     9
Armor: Robe              |     6 |       ||     6
       Leather armour    |    16 |       ||    16
       Ring mail         |    18 |    77 ||    95
Dodge: Dodged            |    56 |    78 ||   134
